TOP OF THE 1ST |
Hialeah Dodos batting - Pitching for Gryfindor Braves : RHP Josh Gardner
|
Pitching: RHP Josh Gardner
|
|
Batting: RHB Herman Cook
|
0-0: Called Strike 0-1: Ball 1-1: Fly out, F8 (Flyball, 8LM)
|
Batting: RHB Kelly Flint
|
0-0: Ball 1-0: Ball 2-0: Called Strike 2-1: Foul Ball, location: 2F 2-2: Foul Ball, location: 2F 2-2: Strikes out swinging
|
Batting: LHB Craig Lovins
|
0-0: Called Strike 0-1: Swinging Strike 0-2: SINGLE (Groundball, 4M)
|
Batting: LHB Bill Griffin
|
0-0: Called Strike 0-1: Ball 1-1: Ball 2-1: Foul Ball, location: 2F 2-2: SINGLE (Flyball, 89S) Craig Lovins to second Runner from 2nd tries for 3rd, SAFE, throw made to third
|
Batting: LHB Jeff Conklin
|
0-0: Called Strike 0-1: Foul Ball, location: 2F 0-2: 3-RUN HOME RUN (Flyball, 9D), Distance : 396 ft
|
Batting: RHB Joe Andrews
|
0-0: Ball 1-0: Called Strike 1-1: Hit by Pitch
|
Batting: RHB Mitch Jensen
|
0-0: Called Strike 0-1: Called Strike 0-2: Ball 1-2: Ball 2-2: Strikes out swinging
|
Top of the 1st over - 3 run(s), 3 hit(s), 0 error(s), 1 left on base; Hialeah 3 - Gryfindor 0 |
BOTTOM OF THE 1ST |
Gryfindor Braves batting - Pitching for Hialeah Dodos : RHP Thomas Owens
|
Pitching: RHP Thomas Owens
|
|
Batting: LHB Iván Flores
|
0-0: Called Strike 0-1: Swinging Strike 0-2: Strikes out swinging
|
Batting: RHB José Casarreal
|
0-0: Foul Ball, location: 2F 0-1: Called Strike 0-2: SINGLE (Flyball, 8LS)
|
Batting: RHB Arlen King
|
0-0: Ball 1-0: Called Strike 1-1: Ball 2-1: Ball 3-1: Foul Ball, location: 2F 3-2: Foul Ball, location: 2F 3-2: Base on Balls José Casarreal to second
|
Batting: RHB Pedro Cruz
|
0-0: Called Strike 0-1: Swinging Strike 0-2: Strikes out swinging
|
Batting: RHB Kyle Wilson
|
0-0: Fly out, F7 (Flyball, 7M)
|
Bottom of the 1st over - 0 run(s), 1 hit(s), 0 error(s), 2 left on base; Hialeah 3 - Gryfindor 0 |
TOP OF THE 2ND |
Hialeah Dodos batting - Pitching for Gryfindor Braves : RHP Josh Gardner
|
Batting: RHB Ji-chol Yang
|
0-0: Foul Ball, location: 2F 0-1: Foul Ball, location: 2F 0-2: Ball 1-2: Foul Ball, location: 2F 1-2: Strikes out looking
|
Batting: RHB Luis Trujillo
|
0-0: Ball 1-0: Fly out, F9 (Flyball, 9D)
|
Batting: RHB Herman Cook
|
0-0: Foul Ball, location: 2F 0-1: Ground out 1-3 (Groundball, 23)
|
Top of the 2nd over - 0 run(s), 0 hit(s), 0 error(s), 0 left on base; Hialeah 3 - Gryfindor 0 |
BOTTOM OF THE 2ND |
Gryfindor Braves batting - Pitching for Hialeah Dodos : RHP Thomas Owens
|
Batting: SHB Joe Werner
|
0-0: Ball 1-0: Foul Ball, location: 2F 1-1: Ball 2-1: Swinging Strike 2-2: Strikes out swinging
|
Batting: RHB Jong-duk Kim
|
0-0: Fly out, F6 (Popup, 6MS)
|
Batting: RHB Alfredo Martínez
|
0-0: Foul Ball, location: 2F 0-1: Ball 1-1: SINGLE (Line Drive, 6M)
|
Batting: RHB Claudio Pérez
|
0-0: Fielders Choice at 2nd, 6-4 (Groundball, 6)
|
Bottom of the 2nd over - 0 run(s), 1 hit(s), 0 error(s), 0 left on base; Hialeah 3 - Gryfindor 0 |
TOP OF THE 3RD |
Hialeah Dodos batting - Pitching for Gryfindor Braves : RHP Josh Gardner
|
Batting: RHB Kelly Flint
|
0-0: SINGLE (Groundball, 6MD)
|
Batting: LHB Craig Lovins
|
0-0: Called Strike 0-1: Ball 1-1: Ball 2-1: DOUBLE (Line Drive, 3L) Kelly Flint to third
|
Batting: LHB Bill Griffin
|
0-0: Called Strike 0-1: Foul Ball, location: 2F 0-2: Strikes out swinging
|
Batting: LHB Jeff Conklin
|
0-0: Ball 1-0: Ball 2-0: Ball 3-0: Base on Balls
|
Batting: RHB Joe Andrews
|
0-0: Fly out, F3 (Popup, 23F)
|
Batting: RHB Mitch Jensen
|
0-0: Called Strike 0-1: Swinging Strike 0-2: Ball 1-2: Ball 2-2: Foul Ball, location: 2F 2-2: Ground out 4-3 (Groundball, 4)
|
Top of the 3rd over - 0 run(s), 2 hit(s), 0 error(s), 3 left on base; Hialeah 3 - Gryfindor 0 |
BOTTOM OF THE 3RD |
Gryfindor Braves batting - Pitching for Hialeah Dodos : RHP Thomas Owens
|
Batting: LHB Iván Flores
|
0-0: Fly out, F8 (Flyball, 8LM)
|
Batting: RHB José Casarreal
|
0-0: Called Strike 0-1: Called Strike 0-2: Foul Ball, location: 2F 0-2: Strikes out swinging
|
Batting: RHB Arlen King
|
0-0: Called Strike 0-1: Ball 1-1: Foul Ball, location: 2F 1-2: Strikes out swinging
|
Bottom of the 3rd over - 0 run(s), 0 hit(s), 0 error(s), 0 left on base; Hialeah 3 - Gryfindor 0 |
TOP OF THE 4TH |
Hialeah Dodos batting - Pitching for Gryfindor Braves : RHP Josh Gardner
|
Batting: RHB Ji-chol Yang
|
0-0: Ball 1-0: Ball 2-0: Ball 3-0: Called Strike 3-1: Base on Balls
|
Batting: RHB Luis Trujillo
|
0-0: Ball 1-0: Swinging Strike 1-1: 2-RUN HOME RUN (Flyball, 78XD), Distance : 418 ft
|
Pitching: RHP Doug Dickson
|
|
Batting: RHB Herman Cook
|
0-0: Ball 1-0: Ball 2-0: SINGLE (Line Drive, 89S)
|
Batting: RHB Kelly Flint
|
0-0: SINGLE (Line Drive, 9S) Herman Cook to second
|
Batting: LHB Craig Lovins
|
0-0: Ball 1-0: Ball 2-0: Ball Wild Pitch! Herman Cook to third Kelly Flint to second 3-0: Base on Balls
|
Batting: LHB Bill Griffin
|
0-0: Ball 1-0: Swinging Strike 1-1: Ball 2-1: SINGLE (Groundball, 5D) Herman Cook scores Kelly Flint to third Craig Lovins to second
|
Batting: LHB Jeff Conklin
|
0-0: Ball 1-0: Called Strike 1-1: Foul Ball, location: 2F 1-2: Ball 2-2: Ball 3-2: Foul Ball, location: 2F 3-2: Fielders Choice at 2nd, 3-6 (Groundball, 3) Kelly Flint scores Craig Lovins to third
|
Batting: RHB Joe Andrews
|
Pickoff Throw to First - Out! 0-0: Ball 1-0: Ball 2-0: Foul Ball, location: 2F 2-1: Ball 3-1: Fly out, F3 (Popup, 3F)
|
Top of the 4th over - 4 run(s), 4 hit(s), 0 error(s), 1 left on base; Hialeah 7 - Gryfindor 0 |
BOTTOM OF THE 4TH |
Gryfindor Braves batting - Pitching for Hialeah Dodos : RHP Thomas Owens
|
Batting: RHB Pedro Cruz
|
0-0: Ball 1-0: Ball 2-0: Ball 3-0: Base on Balls
|
Batting: RHB Kyle Wilson
|
0-0: Called Strike 0-1: Fly out, F9 (Flyball, 9M)
|
Batting: SHB Joe Werner
|
0-0: Called Strike 0-1: Swinging Strike 0-2: SINGLE (Groundball, 5D) Pedro Cruz to second
|
Batting: RHB Jong-duk Kim
|
0-0: Called Strike 0-1: Grounds into double play, 5-4-3 (Groundball, 56)
|
Bottom of the 4th over - 0 run(s), 1 hit(s), 0 error(s), 1 left on base; Hialeah 7 - Gryfindor 0 |
TOP OF THE 5TH |
Hialeah Dodos batting - Pitching for Gryfindor Braves : RHP Doug Dickson
|
Batting: RHB Mitch Jensen
|
0-0: Foul Ball, location: 2F 0-1: Called Strike 0-2: Ball 1-2: Ball 2-2: Foul Ball, location: 2F 2-2: Foul Ball, location: 2F 2-2: Foul Ball, location: 2F 2-2: Strikes out swinging
|
Batting: RHB Ji-chol Yang
|
0-0: Called Strike 0-1: Foul Ball, location: 2F 0-2: SINGLE (Flyball, 7S)
|
Batting: RHB Luis Trujillo
|
0-0: 2-RUN HOME RUN (Flyball, 8LXD), Distance : 439 ft
|
Pitching: RHP Jeffrey Chase
|
|
Batting: RHB Herman Cook
|
0-0: Called Strike 0-1: Ball 1-1: Ball 2-1: Foul Ball, location: 2F 2-2: Foul Ball, location: 2F 2-2: Ball 3-2: Foul Ball, location: 2F 3-2: Strikes out swinging
|
Batting: RHB Kelly Flint
|
0-0: Ball 1-0: Ground out 5-3 (Groundball, 56S)
|
Top of the 5th over - 2 run(s), 2 hit(s), 0 error(s), 0 left on base; Hialeah 9 - Gryfindor 0 |
BOTTOM OF THE 5TH |
Gryfindor Braves batting - Pitching for Hialeah Dodos : RHP Thomas Owens
|
Batting: RHB Alfredo Martínez
|
0-0: Called Strike 0-1: Ball 1-1: Ball 2-1: Foul Ball, location: 2F 2-2: Fly out, F2 (Popup, 2RF)
|
Batting: RHB Claudio Pérez
|
0-0: Called Strike 0-1: Ground out 6-3 (Groundball, 6)
|
Batting: LHB Iván Flores
|
0-0: Called Strike 0-1: Foul Ball, location: 2F 0-2: Ball 1-2: Ball 2-2: Foul Ball, location: 2F 2-2: DOUBLE (Line Drive, 9LS)
|
Batting: RHB José Casarreal
|
0-0: Ball 1-0: Foul Ball, location: 2F 1-1: Ground out 1-3 (Groundball, 13S)
|
Bottom of the 5th over - 0 run(s), 1 hit(s), 0 error(s), 1 left on base; Hialeah 9 - Gryfindor 0 |
TOP OF THE 6TH |
Hialeah Dodos batting - Pitching for Gryfindor Braves : RHP Jeffrey Chase
|
Batting: LHB Craig Lovins
|
0-0: Ball 1-0: Called Strike 1-1: Foul Ball, location: 2F 1-2: Ball 2-2: Foul Ball, location: 2F 2-2: Ball 3-2: Foul Ball, location: 2F 3-2: Base on Balls
|
Batting: LHB Bill Griffin
|
0-0: Ball 1-0: SINGLE (Groundball, 6MD) Craig Lovins to second Runner from 2nd tries for 3rd, SAFE, throw made to third
|
Batting: LHB Jeff Conklin
|
0-0: Ball 1-0: Called Strike 1-1: Swinging Strike 1-2: Strikes out looking
|
Batting: RHB Joe Andrews
|
0-0: Ball 1-0: Called Strike 1-1: Ball 2-1: Ball 3-1: Base on Balls Bill Griffin to second
|
Batting: RHB Mitch Jensen
|
0-0: Swinging Strike 0-1: Ball 1-1: Swinging Strike 1-2: Ball 2-2: Strikes out swinging
|
Batting: RHB Ji-chol Yang
|
0-0: Ball 1-0: Called Strike 1-1: Fly out, F9 (Flyball, 9LM)
|
Top of the 6th over - 0 run(s), 1 hit(s), 0 error(s), 3 left on base; Hialeah 9 - Gryfindor 0 |
BOTTOM OF THE 6TH |
Gryfindor Braves batting - Pitching for Hialeah Dodos : RHP Thomas Owens
|
Batting: RHB Arlen King
|
0-0: SINGLE (Groundball, 4D)
|
Batting: RHB Pedro Cruz
|
0-0: Foul Ball, location: 2F 0-1: SINGLE (Flyball, 4D) Arlen King to second Runner from 2nd tries for 3rd, SAFE, throw made to third
|
Batting: RHB Kyle Wilson
|
0-0: Ball 1-0: Foul Ball, location: 2F 1-1: SINGLE (Groundball, 34) Arlen King scores Pedro Cruz to second Runner from 2nd tries for 3rd, SAFE, no throw or cutoff
|
Batting: SHB Joe Werner
|
0-0: Called Strike 0-1: Ball 1-1: Ball 2-1: Fielders Choice at 2nd, 3-6 (Groundball, 3) Pedro Cruz scores
|
Batting: RHB Jong-duk Kim
|
0-0: Ball 1-0: Called Strike 1-1: Foul Ball, location: 2F 1-2: Ball 2-2: Ball 3-2: Foul Ball, location: 2F 3-2: Foul Ball, location: 2F 3-2: Base on Balls Joe Werner to second
|
Batting: RHB Alfredo Martínez
|
0-0: Ball 1-0: Ball 2-0: SINGLE (Groundball, 56D) Joe Werner to third Jong-duk Kim to second Runner from 3rd tries for Home, SAFE, no throw or cutoff
|
Batting: RHB Claudio Pérez
|
0-0: Called Strike 0-1: Foul Ball, location: 2F 0-2: Foul Ball, location: 2F 0-2: Ball 1-2: Ball 2-2: 3-RUN HOME RUN (Flyball, 7D), Distance : 368 ft
|
Pitching: RHP Claudio Cruz
|
|
Batting: LHB Iván Flores
|
0-0: Ball 1-0: Foul Ball, location: 2F 1-1: Ball 2-1: Swinging Strike 2-2: Ball 3-2: Base on Balls
|
Batting: RHB José Casarreal
|
0-0: Ball 1-0: DOUBLE (Groundball, 5L) Iván Flores to third
|
Batting: RHB Arlen King
|
0-0: Ball 1-0: Ball 2-0: Ground out 6-3 (Groundball, 6M) Iván Flores scores José Casarreal to third
|
Batting: RHB Pedro Cruz
|
0-0: Ball 1-0: Ball 2-0: Foul Ball, location: 2F 2-1: Ground out 3-1 (Groundball, 34)
|
Bottom of the 6th over - 7 run(s), 6 hit(s), 0 error(s), 1 left on base; Hialeah 9 - Gryfindor 7 |
TOP OF THE 7TH |
Hialeah Dodos batting - Pitching for Gryfindor Braves : RHP Jeffrey Chase
|
Batting: RHB Luis Trujillo
|
0-0: Called Strike 0-1: Ball 1-1: Swinging Strike 1-2: Strikes out looking
|
Pitching: RHP Cam Davidson
|
|
Batting: RHB Herman Cook
|
0-0: Called Strike 0-1: SINGLE (Line Drive, 7S)
|
Batting: RHB Kelly Flint
|
0-0: 2-RUN HOME RUN (Flyball, 7D), Distance : 384 ft
|
Pitching: RHP Doug Sand
|
|
Batting: LHB Craig Lovins
|
0-0: DOUBLE (Flyball, 78D)
|
Batting: LHB Bill Griffin
|
0-0: Called Strike 0-1: Foul Ball, location: 2F 0-2: Ball 1-2: Ball 2-2: Strikes out swinging
|
Batting: LHB Jeff Conklin
|
0-0: Called Strike 0-1: Ball 1-1: Called Strike 1-2: Foul Ball, location: 2F 1-2: Ball 2-2: Strikes out swinging
|
Top of the 7th over - 2 run(s), 3 hit(s), 0 error(s), 1 left on base; Hialeah 11 - Gryfindor 7 |
BOTTOM OF THE 7TH |
Gryfindor Braves batting - Pitching for Hialeah Dodos : RHP Claudio Cruz
|
Batting: RHB Kyle Wilson
|
0-0: Ground out 5-3 (Groundball, 56)
|
Batting: SHB Joe Werner
|
0-0: Ball 1-0: Called Strike 1-1: Ball 2-1: SINGLE (Line Drive, 56)
|
Batting: RHB Jong-duk Kim
|
0-0: Swinging Strike 0-1: Foul Ball, location: 2F 0-2: Ball 1-2: SINGLE (Line Drive, 56D) Joe Werner to second
|
Batting: RHB Alfredo Martínez
|
0-0: Foul Ball, location: 2F 0-1: SINGLE (Line Drive, 8RS) Joe Werner to third Jong-duk Kim to second Runner from 3rd tries for Home, SAFE, no throw or cutoff
|
Pitching: RHP Mike Lane
|
|
Batting: RHB Claudio Pérez
|
0-0: Ball 1-0: Foul Ball, location: 2F 1-1: Ball 2-1: Ball 3-1: Base on Balls Jong-duk Kim to third Alfredo Martínez to second
|
Pinch Hitting: SHB Jim Unknown
|
0-0: Ball 1-0: Called Strike 1-1: Swinging Strike 1-2: Ball 2-2: Fly out, F7 (Flyball, 7M)
|
Batting: RHB José Casarreal
|
0-0: Ball 1-0: Called Strike 1-1: Swinging Strike 1-2: Strikes out swinging
|
Bottom of the 7th over - 1 run(s), 3 hit(s), 0 error(s), 3 left on base; Hialeah 11 - Gryfindor 8 |
TOP OF THE 8TH |
Hialeah Dodos batting - Pitching for Gryfindor Braves : RHP Doug Sand
|
Now in RF: Jim Unknown
|
|
Batting: RHB Joe Andrews
|
0-0: Ball 1-0: Ground out 1-3 (Groundball, 15)
|
Batting: RHB Mitch Jensen
|
0-0: Called Strike 0-1: Swinging Strike 0-2: Strikes out swinging
|
Batting: RHB Ji-chol Yang
|
0-0: Ground out 4-3 (Groundball, 34)
|
Top of the 8th over - 0 run(s), 0 hit(s), 0 error(s), 0 left on base; Hialeah 11 - Gryfindor 8 |
BOTTOM OF THE 8TH |
Gryfindor Braves batting - Pitching for Hialeah Dodos : RHP Mike Lane
|
Batting: RHB Arlen King
|
0-0: Swinging Strike 0-1: Ball 1-1: Foul Ball, location: 2F 1-2: Foul Ball, location: 2F 1-2: Ball 2-2: Foul Ball, location: 2F 2-2: Ball 3-2: Fly out, F9 (Flyball, 9LM)
|
Batting: RHB Pedro Cruz
|
0-0: Ball 1-0: Foul Ball, location: 2F 1-1: Ball 2-1: Foul Ball, location: 2F 2-2: Strikes out looking
|
Batting: RHB Kyle Wilson
|
0-0: Ball 1-0: Foul Ball, location: 2F 1-1: Fly out, F1 (Line Drive, 13)
|
Bottom of the 8th over - 0 run(s), 0 hit(s), 0 error(s), 0 left on base; Hialeah 11 - Gryfindor 8 |
TOP OF THE 9TH |
Hialeah Dodos batting - Pitching for Gryfindor Braves : RHP Doug Sand
|
Batting: RHB Luis Trujillo
|
0-0: Ball 1-0: Ground out 4-3 (Groundball, 4S)
|
Batting: RHB Herman Cook
|
0-0: Ball 1-0: Ball 2-0: Ground out 4-3 (Groundball, 34)
|
Batting: RHB Kelly Flint
|
0-0: Ball 1-0: Ball 2-0: Foul Ball, location: 2F 2-1: Ground out 5-3 (Groundball, 56)
|
Top of the 9th over - 0 run(s), 0 hit(s), 0 error(s), 0 left on base; Hialeah 11 - Gryfindor 8 |
BOTTOM OF THE 9TH |
Gryfindor Braves batting - Pitching for Hialeah Dodos : RHP Mike Lane
|
Pitching: RHP Martin Benthall
|
|
Batting: SHB Joe Werner
|
0-0: Ball 1-0: DOUBLE (Flyball, 89XD)
|
Batting: RHB Jong-duk Kim
|
0-0: Ball 1-0: Swinging Strike 1-1: Foul Ball, location: 2F 1-2: Fly out, F3 (Popup, 3SF)
|
Batting: RHB Alfredo Martínez
|
0-0: Ball 1-0: SINGLE (Flyball, 89M) Joe Werner to third Runner from 3rd tries for Home, SAFE, no throw or cutoff
|
Batting: RHB Claudio Pérez
|
0-0: Ground out 5-3 (Groundball, 5S) Alfredo Martínez to second
|
Batting: SHB Jim Unknown
|
0-0: Ball 1-0: Swinging Strike 1-1: Ground out 4-3 (Groundball, 4)
|
Bottom of the 9th over - 1 run(s), 2 hit(s), 0 error(s), 1 left on base; Hialeah 11 - Gryfindor 9 |
|